 Dungeon Crawl Stone Soup version 0.31-a0-256-g80acddb972 (webtiles) character file.

Game seed: 9800894212428064476

13871 GordonOverkill the Basher (level 11, -7/94 HPs)
             Began as an Armataur Chaos Knight on July 13, 2023.
             Was a Plaything of Xom.
             Killed from afar by an acid dragon (20 damage)
             ... with a splash of acid
             ... summoned by Xom
             ... on level 10 of the Dungeon.
             The game lasted 00:33:11 (12380 turns).

GordonOverkill the Basher (Armataur Chaos Knight)  Turns: 12380, Time: 00:33:12

Health: -7/94      AC: 11    Str: 20    XL:     11   Next: 81%
Magic:  0/11       EV:  7    Int: 13    God:    Xom [...*..]
Gold:   423        SH:  4    Dex:  9    Spells: 10/10 levels left

rFire   . . .        G - +0 demon whip (venom)
rCold   . . .        o - +0 buckler
rNeg    . . .        T - +2 scale mail {rPois}
rPois   +            (helmet restricted)
rElec   .            y - +2 cloak
rCorr   .            (no gloves)
SInv    .            (no barding)
Will    .....        r - amulet of guardian spirit Stlth
                     e - +4 ring of slaying
HPRegen 0.35/turn    B - ring of poison resistance
MPRegen 0.12/turn

%: guardian spirit, roll
@: about to teleport, unable to drink
A: large, rugged brown scales 3, deformed body, armoured tail, roll, long
tongue, awkward tongue, horns 1, deterioration 1, frail 1, weak 1, inability to
drink after injury 1, MP-powered wands
a: Renounce Religion


You were on level 10 of the Dungeon.
You worshipped Xom.
You were a favourite toy of Xom.
You visited 1 branch of the dungeon, and saw 11 of its levels.

You collected 729 gold pieces.
You spent 306 gold pieces at shops.

Inventory:

Hand Weapons
 f - a +3 mace of freezing
 C - a +2 flail of protection
 F - the +3 dire flail of the Candle {protect, rF+ MP+9}
   (You found it on level 6 of the Dungeon)

   rF:        It protects you from fire.
   MP:        It affects your magic capacity (+9).
 G - a +0 demon whip of venom (weapon)
Missiles
 I - 3 throwing nets
Armour
 o - a +0 buckler (worn)
 s - a +0 helmet
 u - a +0 pair of boots
 y - a +2 cloak (worn)
 T - a +2 scale mail of poison resistance (worn)
Jewellery
 e - a +4 ring of slaying (left hand)
 g - an amulet of faith
 r - an amulet of guardian spirit (around neck)
 t - an amulet of the acrobat
 B - a ring of poison resistance (right hand)
Talismans
 b - a beast talisman
 p - a blade talisman
 Q - a serpent talisman
Wands
 h - a wand of polymorph (6)
 l - a wand of charming (15)
 K - a wand of flame (12)
 N - a wand of iceblast (8)
 S - a wand of light (1)
Scrolls
 a - a scroll of brand weapon
 j - a scroll of blinking
 m - 2 scrolls of immolation
 q - a scroll of poison
 w - 4 scrolls of teleportation
 D - 2 scrolls of vulnerability
 H - a scroll of fog
 J - a scroll of fear
 L - a scroll of butterflies {unknown}
 O - a scroll of enchant armour
 P - a scroll of revelation
Potions
 d - 4 potions of enlightenment
 i - a potion of lignification
 k - a potion of ambrosia
 n - 2 potions of curing
 v - 2 potions of might
 x - a potion of mutation
 z - 2 potions of attraction
 A - 3 potions of brilliance
 E - 2 potions of invisibility
 M - a potion of heal wounds
Miscellaneous
 c - a piece from Xom's chessboard (15/15) (quivered)


   Skills:
 + Level 9.1 Fighting
 + Level 14.5 Maces & Flails
 - Level 3.0 Armour
 - Level 1.0 Dodging
 - Level 5.0 Shields
 - Level 3.0 Evocations


You had 10 spell levels left.
You didn't know any spells.
Your spell library contained the following spells:

 Spells                   Type           Power      Damage    Failure   Level
 Poisonous Vapours        Pois/Air       0%         N/A       85%         2
 Sublimation of Blood     Necr           0%         N/A       85%         2
 Wereblood                Tmut           0%         N/A       85%         2
 Mephitic Cloud           Conj/Pois/Air  0%         N/A       97%         3
 Volatile Blastmotes      Fire/Tloc      0%         2d10      97%         3
 Fulminant Prism          Conj/Hex       0%         3d5       100%        4
 Iskenderun's Mystic Bla  Conj/Tloc      0%         2d3       100%        4
 Petrify                  Tmut/Erth      0%         N/A       100%        4
 Freezing Cloud           Conj/Ice/Air   0%         6-21      100%        5
 Irradiate                Conj/Tmut      0%         3d11      100%        5
 Summon Hydra             Summ           0%         N/A       100%        7


Dungeon Overview and Level Annotations

Branches:
Dungeon (11/15)            Temple (0/1) D:4            Lair (0/5) D:9
    Orc: D:9-12

Altars:
Ashenzari
Gozag
Kikubaaqudgha
Okawaru
Ru
Uskayaw
Vehumet
Wu Jian
Xom

Shops:
D:5 [(!=   D:9 :   D:11 [

Annotations:
D:7 3 runed translucent doors, MrAu's ghost, novice TeCj
D:11 1 runed translucent door, Tinttamiau's ghost, journeyman HuNe


Innate Abilities, Weirdness & Mutations

You are completely covered in rugged brown scales. (AC +3, +7% HP)
Armour fits poorly on your strangely shaped body.
You have a long armoured tail.
You roll when moving toward enemies. (Rampage)
Your long tongue fully drains potion bottles. (2x potion effects)
Your tongue gives you trouble enunciating. (1.5x scroll delay)
You have a pair of small horns on your head.
Your body sometimes deteriorates upon taking damage.
You are frail. (-10% HP)
You are weak. (Str -2)
You occasionally lose the ability to drink potions when taking damage.
You expend magic power (3 MP) to strengthen your wands.


Message History

You feel sick. You block the meliai's attack. The meliai stings you.
* * * LOW HITPOINT WARNING * * *
You whack the meliai!
You kill the meliai!
The yak returns to its original shape as it dies.
You feel sick.
You roll towards the yak!
You feel sick. The yak gores you!
* * * LOW HITPOINT WARNING * * *
You thrash the yak!!
The yak is heavily wounded.
You hit the yak.
The yak is poisoned.
You tail-slap the yak.
The yak is severely wounded.
You feel sick. The yak gores you.
* * * LOW HITPOINT WARNING * * *
You hit the yak.
The yak looks as sick as possible!
You headbutt the yak.
You kill the yak!
You feel sick. "Time to have some fun!"
You are now a favourite toy of Xom.
You hit the orc.
The orc is poisoned.
You headbutt the orc.
You kill the orc!
The orc's corpse degenerates into a cloud of primal chaos!
The orc wizard attacks as you move away!
The orc wizard closely misses you.
You feel sick. The acid dragon spits acid at you. The splash of acid hits you!!
You feel threatened and lose the ability to drink potions!
* * * LOW HITPOINT WARNING * * *
Blink to where?
Press: ? - help, Dir - move target As you slowly read the scroll of blinking, it crumbles to dust.
You feel sick.
You cannot drink potions in your current state!
Unknown command.
As you slowly read the scroll of teleportation, it crumbles to dust.
You feel strangely unstable.
You feel sick.
You are no longer poisoned.
The acid dragon spits acid at you. The splash of acid hits you!!
You die...

,,* #.# ,,* #.#
,,******########<#
,,,,,,,,.........#
,,,,,,,,.........#
,,,,,,,,.........#
********#######..#
#..# #.@# #..#
#..# #..#
###############D.#
...............o.#
.................#
..)......o.†.....#
###############..#


You could see an acid dragon (summoned, catching breath) and an orc wizard
(summoned).

Vanquished Creatures
  Harold (D:9)
  A centaur warrior (D:9)
  A two-headed ogre (D:10)
  Amaemon (D:8)
  Pikel (D:8)
  A deep elf pyromancer (D:10)
  A black mamba (shapeshifter) (D:10)
  An orange demon (D:8)
  Maggie (D:8)
  An unseen horror (D:11)
  4 trolls
  A meliai (D:10)
  14 yaks
  3 wraiths
  A steam dragon (D:9)
  3 wyverns
  3 vampire mosquitoes (D:11)
  Edmund (D:6)
  3 acid dragons
  A water moccasin (D:8)
  3 ice beasts
  5 orc warriors
  A sky beast (D:6)
  3 black bears
  An ogre (D:6)
  3 centaurs
  2 lemures (D:8)
  2 phantoms (D:5)
  3 kobold brigands
  6 bullfrogs
  3 scorpions
  A gnoll sergeant (D:8)
  10 wights
  3 howler monkeys
  A jelly (D:8)
  7 orc priests
  2 gnoll boudas
  4 hounds
  A sleepcap (D:8)
  An iguana (D:4)
  14 orc wizards
  17 gnolls
  5 adders
  A shadow imp (D:7)
  A white imp (D:4)
  3 ufetubi (D:5)
  2 dart slugs
  49 orcs
  5 ball pythons
  3 bats (D:1)
  2 endoplasms
  4 giant cockroaches
  17 goblins
  13 hobgoblins
  6 jackals
  13 kobolds
  2 quokkas
  5 frilled lizards
  2 rats (D:1)
270 creatures vanquished.

Vanquished Creatures (collateral kills)
  A troll (D:9)
  Sigmund (D:6)
2 creatures vanquished.

Vanquished Creatures (others)
  A yak (D:10)
1 creature vanquished.

Grand Total: 273 creatures vanquished

Notes
Turn   | Place    | Note
-------+----------+-------------------------------------------
     0 | D:1      | GordonOverkill the Armataur Chaos Knight began the quest
                  | for the Orb.
     0 | D:1      | Reached XP level 1. HP: 19/19 MP: 1/1
    43 | D:1      | Reached XP level 2. HP: 26/26 MP: 2/2
   113 | D:1      | Reached skill level 1 in Dodging
   289 | D:1      | Reached skill level 3 in Maces & Flails
   674 | D:2      | XOM: divination: magic mapping
   679 | D:2      | Reached XP level 3. HP: 30/33 MP: 3/3
   701 | D:2      | Found a hide-covered altar of Uskayaw.
   900 | D:2      | XOM: silly message
  1047 | D:2      | XOM: silly message
  1079 | D:2      | Found a faded altar of an unknown god.
  1254 | D:2      | XOM: silly message
  1582 | D:3      | XOM is BORED!
  1582 | D:3      | XOM: silly message
  1618 | D:3      | Found an ornate altar of the Wu Jian Council.
  1682 | D:3      | Reached skill level 1 in Shields
  1682 | D:3      | Reached XP level 4. HP: 15/40 MP: 4/4
  1733 | D:3      | Reached skill level 4 in Maces & Flails
  1739 | D:3      | XOM: summons 3 hostile demons
  1854 | D:3      | XOM: noise
  1901 | D:3      | XOM: noise
  2186 | D:4      | XOM: confusion (+ monsters)
  2253 | D:3      | Reached XP level 5. HP: 19/48 MP: 5/5
  2355 | D:4      | XOM: 2-stop teleportation journey
  2603 | D:4      | Found a staircase to the Ecumenical Temple.
  2878 | D:5      | Entered Level 5 of the Dungeon
  2904 | D:5      | Noticed a black bear
  2904 | D:5      | XOM: swap monsters
  2912 | D:5      | Killed a black bear
  2913 | D:5      | Reached skill level 5 in Maces & Flails
  2913 | D:5      | Reached XP level 6. HP: 54/54 MP: 6/6
  2936 | D:5      | Reached skill level 1 in Evocations
  3000 | D:5      | XOM: scenery: create altars
  3067 | D:5      | Found Lockib's Distillery.
  3071 | D:5      | Found Ezifuosch's Antique Weapon Shop.
  3077 | D:5      | Bought a potion of degeneration for 15 gold pieces
  3077 | D:5      | Bought a potion of mutation for 120 gold pieces
  3077 | D:5      | Bought a potion of attraction for 45 gold pieces
  3132 | D:5      | Reached XP level 7. HP: 37/60 MP: 7/7
  3276 | D:5      | XOM: enchant monster (bad)
  3295 | D:5      | Reached skill level 6 in Maces & Flails
  3442 | D:5      | Found Qomureus's Antique Armour Emporium.
  3447 | D:5      | Bought a cloak for 126 gold pieces
  3751 | D:5      | XOM: summons 4 hostile shadow creatures
  3926 | D:5      | XOM: give mutations
  3926 | D:5      | Gained mutation: You have a pair of small horns on your
                  | head. [Xom's mischief]
  3926 | D:5      | Gained mutation: You are clumsy. (Dex -2) [Xom's mischief]
  4013 | D:5      | Found Adam's Jewellery Boutique.
  4058 | D:6      | XOM: enchant monster (bad)
  4075 | D:6      | XOM: summons 2 friendly demons
  4128 | D:6      | Noticed Edmund
  4137 | D:6      | XOM: fog
  4145 | D:6      | Killed Edmund
  4146 | D:6      | Reached XP level 8. HP: 52/70 MP: 8/8
  4152 | D:6      | Reached skill level 5 in Shields
  4174 | D:6      | XOM: cloud trail
  4304 | D:6      | XOM: scenery: 3 doors open
  4307 | D:6      | Reached skill level 7 in Maces & Flails
  4377 | D:6      | XOM: noise
  4442 | D:6      | Identified the +3 dire flail of the Candle {protect, rF+
                  | MP+9}
  4577 | D:6      | Noticed Sigmund
  5101 | D:6      | XOM is BORED!
  5133 | D:6      | XOM: snakes to sticks
  5180 | D:6      | Reached skill level 5 in Fighting
  5601 | D:6      | XOM: 9-stop teleportation journey
  5667 | D:6      | XOM: 4-stop teleportation journey
  5919 | D:6      | XOM: summons 4 friendly demons
  5927 | D:6      | Killed Sigmund
  5928 | D:6      | Reached skill level 8 in Maces & Flails
  6091 | D:7      | XOM: 2-stop teleportation journey
  6129 | D:7      | Found a sacrificial altar of Ru.
  6203 | D:7      | Reached XP level 9. HP: 37/79 MP: 9/9
  6360 | D:7      | XOM: god gift: scale mail {god gift}
  6485 | D:7      | Found a runed translucent gate.
  6485 | D:7      | Found an opulent altar of Gozag.
  6486 | D:7      | Found a runed translucent gate.
  6486 | D:7      | Found a runed translucent gate.
  6487 | D:7      | Noticed MrAu's ghost (novice TeCj)
  6487 | D:7      | Noticed a cyclops
  6588 | D:7      | Reached skill level 9 in Maces & Flails
  6636 | D:7      | XOM: god gift: +0 demon trident of chaos
  6744 | D:7      | Found an ancient bone altar of Kikubaaqudgha.
  6800 | D:7      | XOM: god gift: trident {god gift}
  6830 | D:7      | XOM: god gift: potion of curing
  6884 | D:7      | XOM: chaos cloud
  7216 | D:8      | XOM: cloud trail
  7227 | D:8      | Noticed Amaemon
  7227 | D:8      | Noticed an orange demon
  7229 | D:8      | XOM: god gift: potion of attraction
  7252 | D:8      | XOM: 2-stop teleportation journey
  7350 | D:8      | XOM: 4-stop teleportation journey
  7377 | D:8      | XOM: torment (37/72 hp)
  7381 | D:8      | Killed an orange demon
  7381 | D:8      | XOM: confuse monster(s)
  7382 | D:8      | Reached skill level 10 in Maces & Flails
  7389 | D:8      | Killed Amaemon
  7548 | D:8      | Noticed Maggie
  7563 | D:8      | Killed Maggie
  7564 | D:8      | Reached XP level 10. HP: 54/89 MP: 10/10
  7634 | D:8      | XOM: summons 1 hostile shadow creature
  7694 | D:8      | XOM: 2-stop teleportation journey
  8026 | D:8      | XOM: give mutation
  8026 | D:8      | Gained mutation: You sometimes lose your temper in combat.
                  | [Xom's mischief]
  8028 | D:8      | Noticed Pikel
  8032 | D:8      | XOM: 1-stop teleportation journey
  8193 | D:8      | Reached skill level 11 in Maces & Flails
  8559 | D:8      | XOM: give mutations
  8559 | D:8      | Gained mutation: Your muscles are strong. (Str +4, Int/Dex
                  | -1) [Xom's mischief]
  8559 | D:8      | Gained mutation: You have a pair of horns on your head.
                  | [Xom's mischief]
  8632 | D:8      | Killed Pikel
  8876 | D:8      | XOM: divination: detect items
  9128 | D:9      | Found an opulent altar of Gozag.
  9172 | D:9      | Found a radiant altar of Vehumet.
  9175 | D:9      | Found a staircase to the Lair.
  9264 | D:9      | Lost mutation: You sometimes lose your temper in combat.
                  | [potion of mutation]
  9264 | D:9      | Lost mutation: You are clumsy. (Dex -2) [potion of
                  | mutation]
  9264 | D:9      | Lost mutation: You have a pair of horns on your head.
                  | [potion of mutation]
  9264 | D:9      | Lost mutation: Your muscles are strong. (Str +4, Int/Dex
                  | -1) [potion of mutation]
  9264 | D:9      | Lost mutation: You have a pair of small horns on your head.
                  | [potion of mutation]
  9264 | D:9      | Gained mutation: You possess an exceptional clarity of
                  | mind. [potion of mutation]
  9264 | D:9      | Gained mutation: Your body sometimes deteriorates upon
                  | taking damage. [potion of mutation]
  9264 | D:9      | Gained mutation: You have a pair of small horns on your
                  | head. [potion of mutation]
  9307 | D:9      | Noticed a centaur warrior
  9316 | D:9      | Killed a centaur warrior
  9317 | D:9      | Reached skill level 12 in Maces & Flails
  9324 | D:9      | Found an iron altar of Okawaru.
  9333 | D:9      | XOM: chaos upgrade
  9410 | D:9      | Found a broken altar of Ashenzari.
  9492 | D:9      | XOM: give mutations
  9492 | D:9      | Gained mutation: Your body often deteriorates upon taking
                  | damage. [Xom's mischief]
  9492 | D:9      | Gained mutation: You have a pair of horns on your head.
                  | [Xom's mischief]
  9492 | D:9      | Lost mutation: You have a pair of horns on your head.
                  | [Xom's mischief]
  9492 | D:9      | Lost mutation: Your body often deteriorates upon taking
                  | damage. [Xom's mischief]
  9648 | D:9      | XOM: silly message
  9669 | D:9      | You fall into a shaft and drop 1 floor!
  9669 | D:10     | Entered Level 10 of the Dungeon
  9680 | D:10     | Reached XP level 11. HP: 97/100 MP: 11/11
  9722 | D:9      | Noticed Harold
  9726 | D:9      | XOM: cast spell 'Summon Horrible Things'
  9737 | D:9      | Killed Harold
  9738 | D:9      | Reached skill level 13 in Maces & Flails
  9890 | D:9      | XOM: give mutations
  9890 | D:9      | Gained mutation: You occasionally lose the ability to read
                  | scrolls when taking damage. [Xom's mischief]
  9890 | D:9      | Gained mutation: You expend magic power (3 MP) to
                  | strengthen your wands. [Xom's mischief]
  9890 | D:9      | Gained mutation: You occasionally lose the ability to drink
                  | potions when taking damage. [Xom's mischief]
  9972 | D:9      | Found Paiduor's Tiny Tomes.
 10033 | D:9      | XOM: scenery: summon butterflies
 10206 | D:10     | Noticed a two-headed ogre
 10212 | D:10     | Killed a two-headed ogre
 10248 | D:10     | XOM: 1-stop teleportation journey
 10574 | D:10     | XOM: enchant monster (good)
 10778 | D:10     | Reached skill level 14 in Maces & Flails
 10849 | D:9      | XOM: give mutation
 10849 | D:9      | Lost mutation: You occasionally lose the ability to read
                  | scrolls when taking damage. [Xom's mischief]
 11007 | D:10     | XOM is BORED!
 11007 | D:10     | XOM: summons 1 hostile shadow creature
 11008 | D:10     | Noticed a two-headed ogre
 11057 | D:10     | Noticed a deep elf pyromancer
 11065 | D:10     | Killed a deep elf pyromancer
 11452 | D:11     | Found Xuimotie's Armour Boutique.
 11513 | D:11     | XOM: 4-stop teleportation journey
 11686 | D:11     | XOM: stat loss: -1 Int (12/13)
 11758 | D:11     | Found a runed translucent door.
 11761 | D:11     | Noticed Tinttamiau's ghost (journeyman HuNe)
 11761 | D:11     | Identified the +5 spear "Conservator" {flame, rPois}
 11778 | D:11     | XOM: give mutation
 11778 | D:11     | Lost mutation: You possess an exceptional clarity of mind.
                  | [Xom's mischief]
 11849 | D:11     | XOM: 3-stop teleportation journey
 11961 | D:11     | XOM: confusion (+ monsters)
 11962 | D:11     | XOM: polymorph yak -> something unseen
 11972 | D:11     | XOM: polymorph something unseen -> shapeshifter
 11972 | D:11     | a shapeshifter changed into a harpy
 11972 | D:11     | Noticed a harpy (shapeshifter)
 12009 | D:10     | XOM: give mutations
 12009 | D:10     | Gained mutation: You are frail. (-10% HP) [Xom's mischief]
 12009 | D:10     | Gained mutation: You are weak. (Str -2) [Xom's mischief]
 12075 | D:10     | XOM: polymorph yak -> meliai
 12353 | D:10     | Noticed a fire crab
 12375 | D:10     | XOM: summons 2 hostile shadow creatures
 12380 | D:10     | Killed from afar by an acid dragon

Illustrated notes

Levels and vault maps discovered:
D:1:      spicycebolla_arrival_xxxplode, layout_rooms
D:2:      layout_rooms, serial_glass, glass_columns_a, glass_columns_a,
          glass_columns_b, glass_columns_b, basic_altar,
          dilly_ecumenical_altar_fadedgnrine
D:3:      layout_basic, mainiacjoe_overflow_alcove_2, minmay_stone_trees_small
D:4:      layout_cave_pools, minmay_temple_entry_statues_pillars
D:5:      layout_loops_cross, serial_shops, kennysheep_mini, shop, shop, shop,
          dk_noncrumbling_2
D:6:      corexii_shantytown, layout_basic, uniq_sigmund, uniq_edmund
D:7:      layout_loops_ring, kiku_gazebo_pond_becter, old_standard_altar,
          ebering_ghost_gozag
D:8:      minmay_razor_zed, layout_loops_corners, kennysheep_generic_room_2,
          uniq_pikel, uniq_maggie, uniq_amaemon
D:9:      layout_loops_ring, vehumet_crystals, kennysheep_okawaru_gauntlet,
          grunt_gozag_breadcrumbs, nicolae_ashenzari_panopticon,
          nicolae_shop_i_like_small_books_too, st_stairs_2,
          minmay_misc_feat_roman, uniq_harold
D:10:     layout_long_grid
D:11:     layout_gridville, ebering_ghost_funeral_grove, serial_shops, shop,
          grunt_tough_drop

Skill      XL: |  1  2  3  4  5  6  7  8  9 10 11 |
---------------+----------------------------------+-----
Dodging        | 1 |  1.0
Fighting       | 3 5 6 8 9 |  9.1
Maces & Flails | 3 4 5 6 8 10 12 14 | 14.5
Armour         | 3 |  3.0
Shields        | 1 2 3 4 5 |  5.0
Evocations     | 2 3 |  3.0

Action                     |  1- 3 |  4- 6 |  7- 9 | 10-12 || total
---------------------------+-------+-------+-------+-------++-------
  Melee: Mace              |   107 |   148 |   339 |       ||   594
         Tailslap          |     9 |     8 |    36 |    44 ||    97
         Headbutt          |       |       |    38 |    84 ||   122
         Demon whip        |       |       |    17 |   370 ||   387
  Evoke: Piece from Xom's  |       |     5 |     2 |     1 ||     8
         Wand              |       |       |       |    10 ||    10
    Use: Scroll            |     4 |     3 |    10 |     9 ||    26
         Potion            |       |       |     4 |     1 ||     5
   Stab: Paralysed         |       |     3 |       |       ||     3
         Distracted        |       |       |     1 |       ||     1
         Petrified         |       |       |     3 |       ||     3
         Petrifying        |       |       |     1 |       ||     1
         Invisible         |       |       |       |     3 ||     3
 Armour: Leather armour    |    61 |    81 |    94 |       ||   236
         Plate armour      |       |       |    47 |       ||    47
         Swamp dragon scal |       |       |       |    51 ||    51
         Scale mail        |       |       |       |    48 ||    48
  Dodge: Dodged            |    52 |    71 |   100 |    86 ||   309
  Block: Buckler           |     1 |    31 |    70 |    56 ||   158
   Form: Beast             |       |       |     1 |       ||     1
                           |       |       |       |     1 ||     1

Table legend: (Time is in decaauts)
 A = Elapsed time spent in this place.
 B = Non-inter-level travel time spent in this place.
 C = Inter-level travel time spent in this place.
 D = Time resting spent in this place.
 E = Time spent auto-exploring this place.
 F = Levels seen in this place.
 G = Mean time per level.
                   A        B        C        D        E       F      G
               +--------+--------+--------+--------+--------+-----+--------+
         Total |  12355 |  11724 |    631 |   1883 |   7063 |  11 | 1123.2 |
       Dungeon |  12355 |  11724 |    631 |   1883 |   7063 |  11 | 1123.2 |
               +--------+--------+--------+--------+--------+-----+--------+

Top non-repeatable levels by time:
     D:6: 1938 daAuts
     D:8: 1810 daAuts
    D:10: 1554 daAuts
     D:5: 1242 daAuts
     D:7: 1210 daAuts
     D:9: 972 daAuts
     D:3: 844 daAuts
     D:2: 809 daAuts
     D:4: 695 daAuts
    D:11: 666 daAuts
     D:1: 609 daAuts
